 Dungeon Crawl Stone Soup version 0.29.1-13-g9f3cf754e1 (webtiles) character file.

Game seed: 17496579517704131895

20 H0rd4k the Charlatan (level 2, -6/19 HPs)
             Began as an Octopode Artificer on Feb 7, 2023.
             Mangled by a goblin
             ... wielding a +1 dagger of electrocution
              (18 damage)
             ... on level 1 of the Dungeon.
             The game lasted 00:00:42 (747 turns).

H0rd4k the Charlatan (Octopode Artificer)            Turns: 747, Time: 00:00:42

Health: -6/19      AC:  1    Str: 11    XL:     2   Next: 79%
Magic:  4/4        EV: 13    Int: 13    God:
Gold:   49         SH:  0    Dex: 12    Spells: 3/3 levels left

rFire   . . .      SeeInvis .   (no weapon)
rCold   . . .      Faith    .   (no shield)
rNeg    . . .      Spirit   .   (helmet restricted)
rPois   .          Reflect  .   (no amulet)
rElec   .          Harm     .   (no ring)
rCorr   .          Rampage  .   (no ring)
Will    .....                   (no ring)
Stlth   +++.......              (no ring)
HPRegen 0.06/turn               (no ring)
MPRegen 0.09/turn               (no ring)
                                (no ring)
                                (no ring)

@: no status effects
A: almost no armour, amphibious, 8 rings, camouflage 1, gelatinous body 1,
(nimble swimmer 1), tentacles
a: no special abilities


You were on level 1 of the Dungeon.
You visited 1 branch of the dungeon, and saw 1 of its levels.

You collected 49 gold pieces.

Inventory:

Hand Weapons
 a - a +0 club
Wands
 b - a wand of flame (15) (quivered)
 c - a wand of charming (15)
 d - a wand of iceblast (5)
Scrolls
 i - a scroll of brand weapon {unknown}
 j - a scroll of teleportation {unknown}
Potions
 e - a potion of might {unknown}
 f - a potion of lignification {unknown}
 g - a potion of invisibility {unknown}
 h - a potion of mutation {unknown}


   Skills:
 * Level 1.7 Fighting
 - Level 2.3 Dodging
 - Level 1.3 Stealth
 + Level 0.5 Unarmed Combat
 * Level 1.3 Spellcasting
 - Level 3.2 Evocations


You had 3 spell levels left.
You didn't know any spells.
Your spell library contained the following spells:

 Spells                   Type           Power      Damage    Failure   Level
 Sublimation of Blood     Necr           0%         N/A       38%         2
 Wereblood                Tmut           0%         N/A       38%         2
 Summon Hydra             Summ           0%         N/A       100%        7


Dungeon Overview and Level Annotations

Branches:
Dungeon (1/15)

Altars:


Innate Abilities, Weirdness & Mutations

You cannot wear most types of armour.
You are amphibious.
You can wear up to eight rings at the same time.
Your skin changes colour to match your surroundings (Stealth+).
Your rubbery body absorbs attacks. (AC +1, EV +1)
((You are camouflaged when in or above water. (Stealth+)))
You have tentacles for arms and can constrict up to eight enemies at once.


Message History

You constrict the hobgoblin, but do no damage.
The hobgoblin hits you.
The giant cockroach bites you but does no damage.
There are monsters nearby!
You tentacle-slap the hobgoblin.
You kill the hobgoblin!
The giant cockroach misses you.
There are monsters nearby!
You tentacle-slap the endoplasm but do no damage.
You squeeze the endoplasm.
You kill the endoplasm!
The giant cockroach bites you.
The giant cockroach completely misses you.
A giant cockroach is nearby!
You barely miss the giant cockroach. You grab the giant cockroach.
You squeeze the giant cockroach.
You kill the giant cockroach!
You see here a hobgoblin corpse.
j - a scroll labelled PET GELLUCSUCW No target in view!
You see here a hobgoblin corpse.
You see here a hobgoblin corpse.
A goblin comes into view.
It is wielding a +1 dagger of electrocution.
You see here a cyan potion.
Found 11 gold pieces.
A goblin is nearby!
A goblin is nearby!
Found an escape hatch in the floor.
The goblin shouts!
A goblin is nearby!
Found a stone staircase leading down.
A goblin is nearby!
You barely miss the goblin. Your grab misses the goblin.
The goblin hits you with a +1 dagger of electrocution.
A goblin is nearby!
You completely miss the goblin. You grab the goblin. You constrict the goblin.
The goblin hits you with a +1 dagger of electrocution.
You are electrocuted!!
Ouch! That really hurt!
You die...

#.#.#.#.......#..#
#...#.##..#...#..#
#.#.#..##.#####..# #
#.#.######.......# #> .
##.##..#.#####..
#.######.##†#.###....
#.....###.#†#.....#.#
#.....##...†#.#####.#
#..g@...!##.#.....#.#
#.....#...[#...[.....
#........#....#.........
#>.$.....#..............
#...$....#...##......#..
#........#...###........
####.....#.... .........
......##..........#..
..##.....


You could see a goblin.

Vanquished Creatures
  5 ball pythons (D:1)
  2 endoplasms (D:1)
  3 giant cockroaches (D:1)
  2 goblins (D:1)
  3 hobgoblins (D:1)
  A quokka (D:1)
16 creatures vanquished.

Notes
Turn   | Place    | Note
-------+----------+-------------------------------------------
     0 | D:1      | H0rd4k the Octopode Artificer began the quest for the Orb.
     0 | D:1      | Reached XP level 1. HP: 13/13 MP: 1/1
   374 | D:1      | Reached XP level 2. HP: 16/18 MP: 3/3
   399 | D:1      | Found a faded altar of an unknown god.
   408 | D:1      | Reached skill level 1 in Spellcasting
   747 | D:1      | Mangled by a goblin

Illustrated notes

Levels and vault maps discovered:
D:1:      wander_arrival_estate, layout_basic, serial_glass, glass_columns_a,
          glass_columns_c, nicolae_ecumenical_snake_handling, minmay_cut_off

Skill      XL: |  1  2 |
---------------+-------+-----
Spellcasting   | 1 |  1.3
Fighting       | |  1.7
Dodging        | |  2.3
Stealth        | |  1.3
Unarmed Combat | |  0.5
Evocations     | |  3.2

Action                   || total
-------------------------++-------
Melee: Unarmed           ||    40
       Constrict         ||    12
       Tentacles         ||    11
 Stab: Sleeping          ||     4
Armor: Skin              ||     4
Dodge: Dodged            ||    18
